TL
EL PASO CHIHUAHUAS @ SHREVEPORT BRAVES
08/21/1982
 
TOP OF THE 1ST
El Paso Chihuahuas batting - Pitching for Shreveport Braves : RHP Juan Cardona
Pitching: RHP Juan Cardona
Batting: LHB Andy Van Slyke 0-0: SOLO HOME RUN (Flyball, 8LXD, EV 99.4 MPH), Distance : 456 ft
Batting: RHB Julio Acevedo 0-0: Fly out, F1 (Popup, 13, EV 75.6 MPH)
Batting: RHB Jesse Vann 0-0: Called Strike
0-1: Swinging Strike
0-2: Foul Ball, location: 2F
0-2: Ball
1-2: Foul Ball, location: 2F
1-2: Foul Ball, location: 2F
1-2: Strikes out swinging
Batting: RHB Kevin Jacobson 0-0: Fly out, F8 (Flyball, 78D, EV 94.4 MPH)
Top of the 1st over - 1 run, 1 hit, 0 errors, 0 left on base; El Paso 1 - Shreveport 0
BOTTOM OF THE 1ST
Shreveport Braves batting - Pitching for El Paso Chihuahuas : RHP Alejandro Pena
Pitching: RHP Alejandro Pena
Batting: LHB Robert Loscalzo 0-0: Foul Ball, location: 2F
0-1: Called Strike
0-2: Fly out, F8 (Flyball, 8LS, EV 88.8 MPH)
Batting: RHB Alvin White 0-0: Ball
1-0: DOUBLE (Groundball, 5L, EV 96.9 MPH)
Batting: LHB Rusty McNealy 0-0: Ball
1-0: SINGLE (Groundball, 56S, EV 69.4 MPH) (infield hit)
Alvin White to third
Batting: LHB Tracy Dophied Pickoff Throw to First - Out! 1-3
0-0: Ball
1-0: Called Strike
1-1: Ball
2-1: Fly out, F8 (Flyball, 8LM, EV 98.8 MPH)
Bottom of the 1st over - 0 runs, 2 hits, 0 errors, 1 left on base; El Paso 1 - Shreveport 0
TOP OF THE 2ND
El Paso Chihuahuas batting - Pitching for Shreveport Braves : RHP Juan Cardona
Batting: LHB Dan Murphy 0-0: Ball
1-0: Ball
2-0: Called Strike
2-1: Ball
3-1: Foul Ball, location: 2F
3-2: Foul Ball, location: 2F
3-2: Strikes out swinging
Batting: RHB Tom Roarke 0-0: Ball
1-0: Swinging Strike
1-1: Called Strike
1-2: Strikes out looking
Batting: RHB Leo George 0-0: Ball
1-0: Ball
2-0: Fly out, F7 (Flyball, 7, EV 92.5 MPH)
Top of the 2nd over - 0 runs, 0 hits, 0 errors, 0 left on base; El Paso 1 - Shreveport 0
BOTTOM OF THE 2ND
Shreveport Braves batting - Pitching for El Paso Chihuahuas : RHP Alejandro Pena
Batting: RHB Scott Ullger 0-0: Foul Ball, location: 2F
0-1: Ball
1-1: Ball
2-1: Ball
3-1: Base on Balls
Batting: SHB Michael Lessard 0-0: Ball
1-0: Called Strike
1-1: Ball
2-1: Foul Ball, location: 2F
2-2: Ball
3-2: SINGLE (Groundball, 3D, EV 105.0 MPH)
Scott Ullger to second
Runner from 2nd tries for 3rd, SAFE, no throw by RF
Batting: RHB Therron Harper 0-0: Called Strike
0-1: Ball
1-1: Called Strike
1-2: Grounds into double play, 6-4-3 (Groundball, 6, EV 79.4 MPH)
Scott Ullger scores
Batting: RHB Jeff Matthews 0-0: Called Strike
0-1: Swinging Strike
0-2: Ball
1-2: Ball
2-2: Foul Ball, location: 2F
2-2: Fly out, F7 (Flyball, 7, EV 79.4 MPH)
Bottom of the 2nd over - 1 run, 1 hit, 0 errors, 0 left on base; El Paso 1 - Shreveport 1
TOP OF THE 3RD
El Paso Chihuahuas batting - Pitching for Shreveport Braves : RHP Juan Cardona
Batting: RHB Stine Poole 0-0: Fly out, F5 (Line Drive, 5, EV 63.8 MPH)
Batting: RHB William Parmenter 0-0: Ball
1-0: Ball
2-0: Ball
3-0: Base on Balls
Batting: LHB Andy Van Slyke 0-0: Called Strike
0-1: SINGLE (Line Drive, 6D, EV 108.1 MPH)
William Parmenter to second
Batting: RHB Julio Acevedo 0-0: Ball
1-0: Foul Ball, location: 2F
1-1: Ball
2-1: Called Strike
2-2: Ball
3-2: Base on Balls
William Parmenter to third
Andy Van Slyke to second
Batting: RHB Jesse Vann 0-0: Fly out, F8 (Flyball, 89D, EV 85.0 MPH)
Runner from 3rd tags up, SCORES, throw by CF
Andy Van Slyke to third
Batting: RHB Kevin Jacobson 0-0: Ball
1-0: Ball
2-0: Called Strike
2-1: Called Strike
2-2: Foul Ball, location: 2F
2-2: Foul Ball, location: 2F
2-2: Foul Ball, location: 2F
2-2: Fly out, F8 (Flyball, 8LXD, EV 105.6 MPH)
Top of the 3rd over - 1 run, 1 hit, 0 errors, 2 left on base; El Paso 2 - Shreveport 1
BOTTOM OF THE 3RD
Shreveport Braves batting - Pitching for El Paso Chihuahuas : RHP Alejandro Pena
Batting: RHB Dave Buffamoyer 0-0: Ball
1-0: Ground out 1-3 (Groundball, 13, EV 64.4 MPH)
Batting: LHB Robert Loscalzo 0-0: Called Strike
0-1: Ground out U3 (Groundball, 3S, EV 87.5 MPH)
Batting: RHB Alvin White 0-0: Foul Ball, location: 2F
0-1: Ball
1-1: Fly out, F6 (Popup, 6M, EV 76.3 MPH)
Bottom of the 3rd over - 0 runs, 0 hits, 0 errors, 0 left on base; El Paso 2 - Shreveport 1
TOP OF THE 4TH
El Paso Chihuahuas batting - Pitching for Shreveport Braves : RHP Juan Cardona
Batting: LHB Dan Murphy 0-0: Ball
1-0: Called Strike
1-1: Ground out 5-3 (Groundball, 56, EV 105.0 MPH)
Batting: RHB Tom Roarke 0-0: Ball
1-0: Foul Ball, location: 2F
1-1: Ground out 5-3 (Groundball, 56S, EV 84.4 MPH)
Batting: RHB Leo George 0-0: Called Strike
0-1: Ball
1-1: Ball
2-1: Foul Ball, location: 2F
2-2: Foul Ball, location: 2F
2-2: Strikes out swinging
Top of the 4th over - 0 runs, 0 hits, 0 errors, 0 left on base; El Paso 2 - Shreveport 1
BOTTOM OF THE 4TH
Shreveport Braves batting - Pitching for El Paso Chihuahuas : RHP Alejandro Pena
Batting: LHB Rusty McNealy 0-0: Ball
1-0: Ball
2-0: Ball
3-0: Base on Balls
Batting: LHB Tracy Dophied 0-0: Ball
1-0: Called Strike
1-1: Swinging Strike
1-2: Strikes out looking
Batting: RHB Scott Ullger 0-0: Ball
Rusty McNealy steals 2nd base
1-0: Ball
2-0: Swinging Strike
2-1: Swinging Strike
2-2: Foul Ball, location: 2F
2-2: Fly out, F3 (Popup, 34S, EV 75.6 MPH)
Batting: SHB Michael Lessard 0-0: Ball
1-0: Ground out 4-3 (Groundball, 4, EV 90.0 MPH)
Bottom of the 4th over - 0 runs, 0 hits, 0 errors, 1 left on base; El Paso 2 - Shreveport 1
TOP OF THE 5TH
El Paso Chihuahuas batting - Pitching for Shreveport Braves : RHP Juan Cardona
Batting: RHB Stine Poole 0-0: Called Strike
0-1: Ball
1-1: Foul Ball, location: 2F
1-2: Fly out, F7 (Line Drive, 7, EV 88.8 MPH)
Batting: RHB William Parmenter 0-0: Ball
1-0: Foul Ball, location: 2F
1-1: Called Strike
1-2: Ball
2-2: Foul Ball, location: 2F
2-2: Strikes out swinging
Batting: LHB Andy Van Slyke 0-0: Foul Ball, location: 2F
0-1: Called Strike
0-2: Strikes out swinging
Top of the 5th over - 0 runs, 0 hits, 0 errors, 0 left on base; El Paso 2 - Shreveport 1
BOTTOM OF THE 5TH
Shreveport Braves batting - Pitching for El Paso Chihuahuas : RHP Alejandro Pena
Batting: RHB Therron Harper 0-0: Ball
1-0: Ball
2-0: Called Strike
2-1: Swinging Strike
2-2: Ball
3-2: Foul Ball, location: 2F
3-2: Ground out 6-3 (Groundball, 6, EV 107.5 MPH)
Batting: RHB Jeff Matthews 0-0: Swinging Strike
0-1: Ball
1-1: Ball
2-1: Ball
3-1: Foul Ball, location: 2F
3-2: Foul Ball, location: 2F
3-2: SINGLE (Line Drive, 89M, EV 112.5 MPH)
Batting: RHB Dave Buffamoyer 0-0: Ball
1-0: Ball
2-0: Ball
3-0: Called Strike
3-1: Reached on error, E6 (Groundball, 6, EV 85.6 MPH)
Jeff Matthews to second
Batting: LHB Robert Loscalzo 0-0: Ball
1-0: Fielders Choice at 2nd, 3-6 (Groundball, 3, EV 106.9 MPH)
Jeff Matthews to third
Batting: RHB Alvin White 0-0: Ball
1-0: Foul Ball, location: 2F
1-1: Foul Ball, location: 2F
1-2: Foul Ball, location: 2F
1-2: TRIPLE (Flyball, 89XD, EV 94.4 MPH)
Jeff Matthews scores
Robert Loscalzo scores
Batting: LHB Rusty McNealy 0-0: Called Strike
0-1: SINGLE (Groundball, 4MD, EV 96.3 MPH)
Alvin White scores
Batting: LHB Tracy Dophied 0-0: Ball
1-0: Ball
2-0: Ball
3-0: Called Strike
3-1: Base on Balls
Rusty McNealy to second
Batting: RHB Scott Ullger 0-0: Ball
1-0: Called Strike
1-1: Ball
2-1: Ball
3-1: Base on Balls
Rusty McNealy to third
Tracy Dophied to second
Pitching: LHP Juan Dorville
Batting: SHB Michael Lessard 0-0: Called Strike
0-1: Foul Ball, location: 2F
0-2: Ball
1-2: Foul Ball, location: 2F
1-2: Ball
2-2: Foul Ball, location: 2F
2-2: Ball
3-2: Base on Balls
Rusty McNealy scores
Tracy Dophied to third
Scott Ullger to second
Batting: RHB Therron Harper 0-0: Ball
1-0: Ball
2-0: Swinging Strike
2-1: Foul Ball, location: 2F
2-2: SINGLE (Groundball, 4MD, EV 96.3 MPH)
Tracy Dophied scores
Scott Ullger to third
Michael Lessard to second
Runner from 3rd tries for Home, SAFE, throw by CF to home
Batting: RHB Jeff Matthews 0-0: Ball
1-0: Ball
2-0: Called Strike
2-1: Swinging Strike
2-2: Strikes out swinging
Bottom of the 5th over - 6 runs, 4 hits, 1 error, 2 left on base; El Paso 2 - Shreveport 7
TOP OF THE 6TH
El Paso Chihuahuas batting - Pitching for Shreveport Braves : RHP Juan Cardona
Batting: RHB Julio Acevedo 0-0: Called Strike
0-1: Ball
1-1: Ball
2-1: SINGLE (Flyball, 78S, EV 90.0 MPH)
Batting: RHB Jesse Vann 0-0: Ball
Julio Acevedo is caught stealing 2nd base 2-4
1-0: Ball
2-0: Ball
3-0: Base on Balls
Batting: RHB Kevin Jacobson 0-0: Fly out, F9 (Flyball, 9, EV 91.9 MPH)
Batting: LHB Dan Murphy 0-0: Ball
1-0: Ball
2-0: Ball
3-0: Base on Balls
Jesse Vann to second
Batting: RHB Tom Roarke 0-0: Called Strike
0-1: Fly out, F8 (Flyball, 89S, EV 83.8 MPH)
Top of the 6th over - 0 runs, 1 hit, 0 errors, 2 left on base; El Paso 2 - Shreveport 7
BOTTOM OF THE 6TH
Shreveport Braves batting - Pitching for El Paso Chihuahuas : LHP Juan Dorville
Batting: RHB Dave Buffamoyer 0-0: Foul Ball, location: 2F
0-1: Ball
1-1: Swinging Strike
1-2: Ball
2-2: Strikes out looking
Batting: LHB Robert Loscalzo 0-0: Swinging Strike
0-1: Swinging Strike
0-2: Ball
1-2: Ball
2-2: Strikes out swinging
Batting: RHB Alvin White 0-0: Swinging Strike
0-1: Foul Ball, location: 2F
0-2: Foul Ball, location: 2F
0-2: Strikes out looking
Bottom of the 6th over - 0 runs, 0 hits, 0 errors, 0 left on base; El Paso 2 - Shreveport 7
TOP OF THE 7TH
El Paso Chihuahuas batting - Pitching for Shreveport Braves : RHP Juan Cardona
Batting: RHB Leo George 0-0: Called Strike
0-1: Foul Ball, location: 2F
0-2: Strikes out swinging
Batting: RHB Stine Poole 0-0: Called Strike
0-1: Ball
1-1: Ball
2-1: Foul Ball, location: 2F
2-2: Ball
3-2: Fly out, F7 (Line Drive, 7, EV 95.6 MPH)
Batting: RHB William Parmenter 0-0: Called Strike
0-1: Foul Ball, location: 2F
0-2: Ball
1-2: Fly out, F9 (Line Drive, 9, EV 90.0 MPH)
Top of the 7th over - 0 runs, 0 hits, 0 errors, 0 left on base; El Paso 2 - Shreveport 7
BOTTOM OF THE 7TH
Shreveport Braves batting - Pitching for El Paso Chihuahuas : LHP Juan Dorville
Batting: LHB Rusty McNealy 0-0: Called Strike
0-1: Ball
1-1: Ball
2-1: Ball
3-1: Base on Balls
Pitching: RHP Dale Brown
Batting: LHB Tracy Dophied 0-0: Fly out, F6 (Popup, 6MS, EV 78.1 MPH)
Batting: RHB Scott Ullger 0-0: Ball
1-0: Ball
2-0: Ball
3-0: Called Strike
3-1: Fly out, F8 (Flyball, 8LS, EV 90.6 MPH)
Batting: SHB Michael Lessard 0-0: Ball
1-0: Ball
2-0: Foul Ball, location: 2F
2-1: Fly out, F4 (Line Drive, 4, EV 63.1 MPH)
Bottom of the 7th over - 0 runs, 0 hits, 0 errors, 1 left on base; El Paso 2 - Shreveport 7
TOP OF THE 8TH
El Paso Chihuahuas batting - Pitching for Shreveport Braves : RHP Juan Cardona
Batting: LHB Andy Van Slyke 0-0: SOLO HOME RUN (Flyball, 7D, EV 100.0 MPH), Distance : 397 ft
Batting: RHB Julio Acevedo 0-0: Swinging Strike
0-1: Ball
1-1: Called Strike
1-2: Foul Ball, location: 2F
1-2: Foul Ball, location: 2F
1-2: Foul Ball, location: 2F
1-2: Fly out, F4 (Line Drive, 4, EV 66.3 MPH)
Batting: RHB Jesse Vann 0-0: Ball
1-0: Called Strike
1-1: Ball
2-1: Foul Ball, location: 2F
2-2: Ball
3-2: Base on Balls
Batting: RHB Kevin Jacobson 0-0: Grounds into double play, 6-4-3 (Groundball, 56, EV 93.8 MPH)
Top of the 8th over - 1 run, 1 hit, 0 errors, 0 left on base; El Paso 3 - Shreveport 7
BOTTOM OF THE 8TH
Shreveport Braves batting - Pitching for El Paso Chihuahuas : RHP Dale Brown
Batting: RHB Therron Harper 0-0: Called Strike
0-1: Ball
1-1: Called Strike
1-2: Foul Ball, location: 2F
1-2: Ball
2-2: Ball
3-2: Reached on error, E4 (Groundball, 4, EV 87.5 MPH)
Batting: RHB Jeff Matthews 0-0: Ball
1-0: Bunt missed!
1-1: Ground out 5-3 (Groundball, 56S, EV 64.4 MPH)
Therron Harper to second
Pitching: RHP Tom Smith
Batting: RHB Dave Buffamoyer 0-0: Ball
1-0: Ground out 6-3 (Groundball, 6MD, EV 86.9 MPH)
Therron Harper to third
Batting: LHB Robert Loscalzo 0-0: Foul Ball, location: 2F
0-1: Foul Ball, location: 2F
0-2: Ball
1-2: Foul Ball, location: 2F
1-2: Foul Ball, location: 2F
1-2: Ball
2-2: Ground out 4-3 (Groundball, 4, EV 91.9 MPH)
Bottom of the 8th over - 0 runs, 0 hits, 1 error, 1 left on base; El Paso 3 - Shreveport 7
TOP OF THE 9TH
El Paso Chihuahuas batting - Pitching for Shreveport Braves : RHP Juan Cardona
Pitching: LHP Lee Belanger
Batting: LHB Dan Murphy 0-0: Ball
1-0: Called Strike
1-1: Ball
2-1: Fly out, F6 (Flyball, 56D, EV 85.0 MPH)
Batting: RHB Tom Roarke 0-0: Called Strike
0-1: Ball
1-1: Ball
2-1: Fly out, F8 (Flyball, 8RM, EV 86.9 MPH)
Batting: RHB Leo George 0-0: Ball
1-0: Ball
2-0: Ball
3-0: Called Strike
3-1: Fly out, F9 (Flyball, 9D, EV 103.8 MPH)
Top of the 9th over - 0 runs, 0 hits, 0 errors, 0 left on base; El Paso 3 - Shreveport 7
Monday, August 24th, 2020 - OOTP Baseball 21.5 Build 76